 Dungeon Crawl Stone Soup version 0.30.0-10-gfe55d96785 (webtiles) character file.

Game seed: 14127097169761723466

700 Mune the Firebug (level 7, -2/36 HPs)
             Began as a Gargoyle Fire Elementalist on May 14, 2023.
             Slain by a gnoll
             ... wielding a +0 flail
              (7 damage)
             ... on level 5 of the Dungeon.
             The game lasted 00:13:13 (5621 turns).

Mune the Firebug (Gargoyle Fire Elementalist)       Turns: 5621, Time: 00:13:28

Health: -2/36      AC: 12    Str: 11    XL:     7   Next: 65%
Magic:  11/14      EV: 12    Int: 18    God:
Gold:   378        SH:  0    Dex: 10    Spells: 9/16 levels left

rFire   . . .        f - +0 flail (drain)
rCold   . . .        (no shield)
rNeg    + . .        a - +0 robe
rPois   ∞            p - +2 hat
rElec   +            o - +2 cloak {rPois}
rCorr   .            w - +0 pair of gloves
SInv    .            (no boots)
Will    .....        x - amulet of the acrobat
Stlth   ++           (no ring)
HPRegen 0.26/turn    (no ring)
MPRegen 0.14/turn

%: acrobat
@: no status effects
A: sickness immunity, AC +4, negative energy resistance 1, electricity
resistance, torment resistance 1, petrification resistance
a: no special abilities


You were on level 5 of the Dungeon.
You visited 1 branch of the dungeon, and saw 6 of its levels.

You collected 378 gold pieces.

Inventory:

Hand Weapons
 d - a +0 club
 f - a +0 flail of draining (weapon)
Armour
 a - a +0 robe (worn)
 o - a +2 cloak of poison resistance (worn)
 p - a +2 hat (worn)
 w - a +0 pair of gloves (worn)
Jewellery
 x - an amulet of the acrobat (around neck)
 y - a ring of protection from cold
 z - a +6 ring of intelligence
Wands
 j - a wand of charming (6)
Scrolls
 c - 2 scrolls of brand weapon {unknown}
 g - 4 scrolls of identify {unknown}
 k - 2 scrolls of vulnerability {unknown}
 l - a scroll of enchant armour {unknown}
 r - a scroll of teleportation {unknown}
 s - 2 scrolls of torment {unknown}
 t - 4 scrolls of immolation {unknown}
 v - 4 scrolls of fog {unknown}
Potions
 b - a potion of magic
 e - a potion of experience {unknown}
 h - a potion of heal wounds {unknown}
 i - a potion of haste {unknown}
 m - 3 potions of curing {unknown}
 n - 3 potions of mutation {unknown}
 q - a potion of attraction {unknown}
 u - a potion of resistance {unknown}


   Skills:
 - Level 0.1 Fighting
 - Level 0.8 Maces & Flails
 * Level 2.1 Dodging
 - Level 2.2 Stealth
 * Level 5.1 Spellcasting
 + Level 3.7 Conjurations
 * Level 5.5 Fire Magic


You had 9 spell levels left.
You knew the following spells:

 Your Spells              Type           Power      Damage    Failure   Level
a - Foxfire               Conj/Fire      84%        2x1d8     1%          1
b - Volatile Blastmotes   Fire/Tloc      28%        2d12      13%         3
c - Inner Flame           Hex/Fire       14%        N/A       13%         3

Your spell library contained the following spells:

 Spells                   Type           Power      Damage    Failure   Level
 Scorch                   Fire           48%        2d7       1%          2
 Freeze                   Ice            16%        1d4       13%         1
 Hailstorm                Conj/Ice       11%        3d5       19%         3
 Flame Wave               Conj/Fire      21%        2d8       19%         4
 Frozen Ramparts          Ice            8%         1d2       36%         3
 Summon Guardian Golem    Hex/Summ       4%         N/A       36%         3
 Ice Form                 Ice/Tmut       4%         N/A       78%         4
 Simulacrum               Ice/Necr       2%         N/A       100%        6
 Orb of Destruction       Conj           9%         9d6       100%        7
 Spellforged Servitor     Conj/Summ      5%         N/A       100%        7


Dungeon Overview and Level Annotations

Branches:
Dungeon (6/15)
 Temple: D:4-7

Altars:
Okawaru


Innate Abilities, Weirdness & Mutations

You are immune to sickness and miasma.
Your stone body is resilient. (AC +4)
You are immune to poison.
You resist negative energy. (rN+)
You are resistant to electric shocks. (rElec)
You are resistant to unholy torment.
You are immune to petrification.


Message History

The orc barely misses you. The gnoll hits you but does no damage.
You climb upwards.
There is a stone staircase leading down here.
You conjure some foxfire!
The scorpion stings you. The gnoll hits you but does no damage.
The gnoll hits you with a +0 flail. The orc hits you but does no damage.
You conjure some foxfire!
The foxfire hits the gnoll.
The gnoll is moderately wounded.
The foxfire hits the gnoll.
The gnoll is heavily wounded.
The scorpion barely misses you. The gnoll barely misses you.
The orc hits you with a +0 short sword. The gnoll hits you but does no damage.
You conjure some foxfire!
The foxfire hits the gnoll.
The gnoll is severely wounded.
The foxfire hits the orc.
The orc is almost dead.
The scorpion barely misses you. The gnoll completely misses you.
The orc hits you with a +0 short sword. The gnoll hits you with a +0 flail.
You are too injured to fight recklessly!
You hit the orc but do no damage. You drain the orc.
You kill the orc!
The foxfire hits the gnoll.
You kill the gnoll!
The foxfire hits the gnoll.
The gnoll is heavily wounded.
The scorpion barely misses you. The scorpion misses you.
The gnoll barely misses you.
Casting: Foxfire (safe; 1% risk of failure)
Confirm with . or Enter, or press ? or * to list all spells.
You conjure some foxfire!
The scorpion barely misses you. The gnoll hits you with a +0 flail!
* * * LOW HITPOINT WARNING * * *
You closely miss the scorpion.
The foxfire hits the gnoll.
The gnoll is severely wounded.
The foxfire hits the scorpion.
The scorpion is moderately wounded.
The scorpion stings you.
* * * LOW HITPOINT WARNING * * *
The gnoll hits you with a +0 flail!
You die...

######### ###..
###.##....######..##
#..#.........##...##
####......#.......#...
###.##..######.#....###.
#....#.......###.#...#..
##...............#......
#.....g.................
#.....)@).#.###.........
##.....§[s.#..##.######.#
##..........[......#####..
#..........##..........#.#
##>...#..#.#............## ###
##...#..#..............#.
#.####............#..........
##....#.÷#.........#..........
###.....#..#..##................


You could see a scorpion and a gnoll.

Vanquished Creatures
  A black bear (D:4)
  A bullfrog (D:4)
  3 scorpions
  A howler monkey (D:5)
  A jelly (D:5)
  2 hounds
  Crazy Yiuf (D:2)
  A sleepcap (D:4)
  An orc wizard (D:5)
  A gnoll (D:5)
  7 adders
  2 white imps
  A worm (D:2)
  5 dart slugs
  6 orcs
  5 ball pythons
  7 endoplasms
  4 giant cockroaches
  6 goblins
  5 hobgoblins
  2 jackals (D:1)
  5 kobolds
  3 quokkas
  3 bats
  A frilled lizard (D:3)
  5 rats
80 creatures vanquished.

Vanquished Creatures (others)
  479 foxfires
479 creatures vanquished.

Grand Total: 559 creatures vanquished

Notes
Turn   | Place    | Note
-------+----------+-------------------------------------------
     0 | D:1      | Mune the Gargoyle Fire Elementalist began the quest for the
                  | Orb.
     0 | D:1      | Reached XP level 1. HP: 10/10 MP: 3/3
   252 | D:1      | Reached XP level 2. HP: 15/15 MP: 1/5
   643 | D:1      | Found a faded altar of an unknown god.
  1159 | D:2      | Reached XP level 3. HP: 15/19 MP: 0/7
  1395 | D:2      | Found a runed translucent door.
  1396 | D:2      | Noticed Crazy Yiuf
  1420 | D:2      | Learned a level 3 spell: Volatile Blastmotes
  1424 | D:2      | Learned a level 3 spell: Inner Flame
  1657 | D:2      | Reached XP level 4. HP: 24/24 MP: 5/8
  2207 | D:2      | Killed Crazy Yiuf
  2772 | D:3      | Reached XP level 5. HP: 28/28 MP: 6/10
  3735 | D:4      | Noticed a black bear
  3743 | D:4      | Killed a black bear
  3744 | D:4      | Reached XP level 6. HP: 32/32 MP: 3/12
  4553 | D:4      | Reached skill level 5 in Fire Magic
  4553 | D:4      | Reached XP level 7. HP: 36/36 MP: 6/13
  4885 | D:5      | Entered Level 5 of the Dungeon
  4921 | D:5      | Found an iron altar of Okawaru.
  5153 | D:5      | Reached skill level 5 in Spellcasting
  5621 | D:5      | Slain by a gnoll

Illustrated notes

Levels and vault maps discovered:
D:1:      dpeg_arrival_pond, layout_basic, shapermc_ecumenical_altar_acropolis
D:2:      layout_loops_ring, uniq_crazy_yiuf_cottage
D:3:      layout_basic
D:4:      layout_cave_pools, hex_large
D:5:      layout_cave_pools, okawaru_trees_1
D:6:      layout_rooms, minmay_temple_entry_overgrown, uniq_prince_ribbit1

Skill      XL: |  1  2  3  4  5  6  7 |
---------------+----------------------+-----
Spellcasting   | 3 4 5 |  5.1
Conjurations   | 2 3 |  3.7
Fire Magic     | 4 5 |  5.5
Dodging        | 2 |  2.1
Fighting       | |  0.1
Maces & Flails | |  0.8
Stealth        | |  2.2

Action                     |  1- 3 |  4- 6 |  7- 9 || total
---------------------------+-------+-------+-------++-------
  Melee: Unarmed           |     1 |       |       ||     1
         Flail             |    20 |    19 |    16 ||    55
         Club              |     4 |       |       ||     4
   Cast: Foxfire           |    69 |   156 |    67 ||   292
 Armour: Robe              |     7 |    14 |    28 ||    49
  Dodge: Dodged            |    22 |    12 |    30 ||    64
